 Dungeon Crawl Stone Soup version 0.28-a0-80-g9707f7362f (webtiles) character file.

Game seed: 14723384244455087126

9857 Conn the Thaumaturge (level 11, -9/64 HPs)
             Began as an Octopode Fire Elementalist on Aug 4, 2021.
             Was a Priest of Sif Muna.
             Killed from afar by a gargoyle (20 damage)
             ... with a stone arrow
             ... on level 12 of the Dungeon.
             The game lasted 00:40:36 (11977 turns).

Conn the Thaumaturge (Octopode Fire Elementalist)  Turns: 11977, Time: 00:40:37

Health: -9/64      AC:  7    Str: 12    XL:     11   Next: 53%
Magic:  33/33      EV: 14    Int: 20    God:    Sif Muna [***...]
Gold:   624        SH:  0    Dex: 12    Spells: 4/28 levels left

rFire   + . .      SeeInvis +   t - +9 mace "Motewk" {freeze, rElec MP+9 Str+3}
rCold   x . .      Faith    .   (no shield)
rNeg    + . .      Spirit   .   i - +2 hat
rPois   .          Reflect  .   (no amulet)
rElec   +          Harm     .   b - ring of fire
rCorr   .          Rampage  .   g - ring of see invisible
Will    .....                   z - +4 ring of protection
Stlth   ++++......              n - ring of positive energy
HPRegen 0.20/turn               (no ring)
MPRegen 0.23/turn               (no ring)
                                (no ring)
                                (no ring)

@: no status effects
A: almost no armour, amphibious, 8 rings, camouflage 1, gelatinous body 1,
(nimble swimmer 1), tentacles
a: Renounce Religion, Channel Magic, Forget Spell


You were on level 12 of the Dungeon.
You worshipped Sif Muna.
Sif Muna was most pleased with you.
You visited 2 branches of the dungeon, and saw 13 of its levels.

You collected 624 gold pieces.

Inventory:

Hand Weapons
 a - a +0 dagger
 o - a +4 dagger of speed
 t - the +9 mace "Motewk" (weapon) {freeze, rElec MP+9 Str+3}
   (You found it on level 5 of the Dungeon)

   It freezes those it strikes, dealing additional cold damage.
   It can also slow down cold-blooded creatures.
   Str:       It affects your strength (+3).
   rElec:     It insulates you from electricity.
   MP:        It affects your magic capacity (+9).
 v - a +0 dagger of electrocution
Missiles
 h - 2 throwing nets
 s - 3 curare-tipped darts
 B - 7 atropa-tipped darts
Armour
 i - a +2 hat (worn)
 j - a +1 buckler of poison resistance
Jewellery
 b - a ring of fire (left tentacle)
 g - a ring of see invisible (right tentacle)
 n - a ring of positive energy (on tentacle)
 z - a +4 ring of protection (on tentacle)
Wands
 d - a wand of paralysis (6)
 p - a wand of flame (36)
 q - a wand of charming (7)
 A - a wand of digging (5)
 D - a wand of iceblast (9)
Scrolls
 c - 3 scrolls of enchant weapon
 e - a scroll of summoning {unknown}
 f - a scroll of magic mapping {unknown}
 k - 2 scrolls of torment {unknown}
 m - 2 scrolls of vulnerability {unknown}
 r - 2 scrolls of noise {unknown}
 w - a scroll of fog {unknown}
 y - a scroll of immolation {unknown}
 C - a scroll of holy word {unknown}
 E - 3 scrolls of amnesia {unknown}
Potions
 u - a potion of mutation
 x - a potion of might


   Skills:
 + Level 2.2 Fighting
 + Level 1.7 Short Blades
 + Level 3.2 Maces & Flails
 + Level 4.3 Dodging
 + Level 5.6 Stealth
 + Level 9.0 Spellcasting
 + Level 7.5 Conjurations
 + Level 9.0 Fire Magic
 - Level 3.0 Air Magic
 - Level 3.0 Poison Magic
 * Level 6.0 Invocations


You had 4 spell levels left.
You knew the following spells:

 Your Spells              Type           Power      Damage    Failure   Level
a - Foxfire               Conj/Fire      100%       2x1d9     1%          1
b - Conjure Flame         Conj/Fire      59%        6-21      1%          3
c - Inner Flame           Hex/Fire       40%        N/A       3%          3
d - Sticky Flame          Conj/Fire      59%        2d7       2%          4
e - Fireball              Conj/Fire      29%        3d13      7%          5
f - Mephitic Cloud        Conj/Pois/Air  27%        N/A       3%          3
g - Ignite Poison         Fire/Tmut/Pois 37%        N/A       4%          3
h - Searing Ray           Conj           78%        3d6       1%          2

Your spell library contained the following spells:

 Spells                   Type           Power      Damage    Failure   Level
 Magic Dart               Conj           100%       1d8       1%          1
 Corpse Rot               Necr/Air       N/A        N/A       6%          2
 Animate Skeleton         Necr           18%        N/A       8%          1
 Pain                     Necr           36%        1d5       8%          1
 Fulminant Prism          Conj/Hex       12%        3d9       16%         4
 Vampiric Draining        Necr           4%         2d6       22%         3
 Bolt of Magma            Conj/Fire/Erth 23%        4d11      22%         5
 Simulacrum               Ice/Necr       4%         N/A       100%        6
 Necromutation            Tmut/Necr      4%         N/A       100%        8


Dungeon Overview and Level Annotations

Branches:
Dungeon (13/15)            Temple (1/1) D:4
   Lair: D:8-11         Orc: D:9-12      Vaults: D:13-14

Altars:
Ashenzari
Cheibriados
Dithmenos
Elyvilon
Fedhas
Gozag
Hepliaklqana
Kikubaaqudgha
Makhleb
Nemelex Xobeh
Qazlal
Ru
Sif Muna
Trog
Uskayaw
Vehumet
Wu Jian
Xom
Zin

Shops:
D:9 (


Innate Abilities, Weirdness & Mutations

You cannot wear most types of armour.
You are amphibious.
You can wear up to eight rings at the same time.
Your skin changes colour to match your surroundings (Stealth+).
Your rubbery body absorbs attacks. (AC +1, EV +1)
((You are camouflaged near water. (Stealth+)))
You have tentacles for arms and can constrict up to eight enemies at once.


Message History

The stone arrow hits you!!
* * * LOW HITPOINT WARNING * * *
Okay, then.
Okay, then.
Okay, then.
Unknown command.
Aiming: Paralyse
Press: ? - help, Shift-Dir - straight line, f - gargoyle
Aim: a gargoyle, wielding a +0 mace (lightly damaged, constricted by you, chance to affect: 28%)
Okay, then.
Unknown command.
Unknown command.
You feel better.
You constrict the gargoyle, but do no damage.
The gargoyle hits you with a +0 mace!
* * * LOW HITPOINT WARNING * * *
Okay, then.
Okay, then.
Unknown command.
Unknown command.
Casting: Foxfire (safe; 1% risk of failure)
Confirm with . or Enter, or press ? or * to list all spells.
Okay, then.
Okay, then.
Okay, then.
Unknown command.
Unknown command.
Okay, then.
Okay, then.
Okay, then.
Okay, then.
Unknown command.
Unknown command.
Okay, then.
Unknown command.
Unknown command.
You release your grip on the gargoyle.
The gargoyle hurls a stone arrow at you.
The stone arrow hits you!!
You die...

#.##.# #.##.#
#....# #
##$...#...
#.####..[....#.
#.........#....
#.####9.....#..
##.##.## . #@#
.# #/# .# #.#
#.# #§. ##§ §


You could see a gargoyle.

Vanquished Creatures
  2 vault guards (D:13)
  2 centaur warriors (D:13)
  An ugly thing (D:13)
  A gargoyle (D:13)
  An efreet (D:9)
  A kobold demonologist (D:13)
  2 unseen horrors (D:13)
  A komodo dragon (D:8)
  A tengu conjurer (D:13)
  3 trolls
  A steam dragon (D:9)
  4 vampire mosquitoes (D:13)
  A water moccasin (D:8)
  2 orc warriors (D:9)
  A sky beast (D:7)
  A black bear (D:6)
  A necrophage (D:6)
  A hornet zombie (D:7)
  3 ogres
  3 centaurs
  A phantom (D:6)
  4 kobold brigands
  2 bullfrogs
  2 water moccasin zombies (D:6)
  A scorpion (D:5)
  4 killer bees (D:9)
  9 wights
  4 howler monkeys
  2 bullfrog zombies (D:6)
  A jelly (D:6)
  4 centaur skeletons
  A centaur zombie (D:8)
  3 hounds
  3 orc priests
  9 iguanas
  Natasha (thrice) (D:3)
  10 orc wizards
  2 killer bee zombies
  6 adders
  2 shadow imps
  A white imp (D:5)
  A worm (D:2)
  An adder skeleton (D:4)
  4 dart slugs
  23 orcs
  7 ball pythons
  6 endoplasms
  3 giant cockroaches
  14 goblins
  13 hobgoblins
  6 jackals
  3 quokkas
  3 training dummies (D:9)
  5 bats
  6 frilled lizards
  8 kobolds
  3 rats
213 creatures vanquished.

Vanquished Creatures (collateral kills)
  A wight (D:8)
1 creature vanquished.

Vanquished Creatures (others)
  2 humans (D:13)
  A centaur (D:8)
  805 foxfires
  A plant (D:8)
809 creatures vanquished.

Grand Total: 1023 creatures vanquished

Notes
Turn   | Place    | Note
-------+----------+-------------------------------------------
     0 | D:1      | Conn the Octopode Fire Elementalist began the quest for the
                  | Orb.
     0 | D:1      | Reached XP level 1. HP: 11/11 MP: 3/3
   121 | D:2      | Reached XP level 2. HP: 5/17 MP: 0/5
   370 | D:2      | Reached XP level 3. HP: 21/21 MP: 0/6
   489 | D:2      | Found a broken altar of Ashenzari.
  1275 | D:1      | Reached XP level 4. HP: 27/27 MP: 5/7
  2173 | D:3      | Noticed Natasha
  2181 | D:2      | Learned a level 3 spell: Conjure Flame
  2185 | D:2      | Learned a level 3 spell: Inner Flame
  2720 | D:3      | Killed Natasha
  2721 | D:3      | Reached XP level 5. HP: 29/31 MP: 3/9
  2803 | D:3      | Found a broken altar of Ashenzari.
  2907 | D:3      | Noticed Natasha
  2911 | D:3      | Killed Natasha
  3154 | D:3      | Noticed Natasha
  3159 | D:3      | Killed Natasha
  3160 | D:3      | Reached XP level 6. HP: 37/37 MP: 1/11
  3562 | D:3      | Learned a level 4 spell: Sticky Flame
  3743 | D:4      | Found a staircase to the Ecumenical Temple.
  3753 | Temple   | Entered the Ecumenical Temple
  3810 | Temple   | Became a worshipper of Sif Muna the Loreminder
  4126 | D:4      | Reached XP level 7. HP: 42/42 MP: 7/13
  4328 | D:4      | Found a sparkling altar of Nemelex Xobeh.
  4785 | D:5      | Entered Level 5 of the Dungeon
  5463 | D:5      | Reached skill level 1 in Short Blades
  5645 | D:5      | Reached skill level 1 in Fighting
  5697 | D:5      | Identified the +9 mace "Motewk" {freeze, rElec MP+9 Str+3}
  5769 | D:5      | Reached skill level 5 in Fire Magic
  6132 | D:6      | Reached XP level 8. HP: 31/48 MP: 14/15
  6247 | D:6      | Found a burning altar of Makhleb.
  6328 | D:6      | Reached skill level 5 in Spellcasting
  6361 | D:6      | Reached * piety under Sif Muna
  6706 | D:6      | Reached skill level 1 in Maces & Flails
  7351 | D:7      | Reached skill level 5 in Conjurations
  7561 | D:7      | Reached XP level 9. HP: 53/53 MP: 16/18
  7890 | D:7      | Reached skill level 5 in Stealth
  8034 | D:7      | Found a blossoming altar of Fedhas.
  8043 | D:7      | Found a glowing silver altar of Zin.
  8425 | D:8      | Reached ** piety under Sif Muna
  8715 | D:8      | Learned a level 5 spell: Fireball
  8719 | D:8      | Learned a level 3 spell: Mephitic Cloud
  8813 | D:8      | Reached skill level 1 in Invocations
  8923 | D:8      | Got the Collected Works on Lethal Cold
  9043 | D:8      | Noticed a komodo dragon
  9062 | D:8      | Killed a komodo dragon
  9063 | D:8      | Reached skill level 1 in Air Magic
  9063 | D:8      | Reached skill level 1 in Poison Magic
  9310 | D:8      | Found an opulent altar of Gozag.
  9396 | D:9      | Identified the -4 kite shield of the Harvest {rElec}
  9514 | D:9      | Noticed a troll
  9521 | D:9      | Killed a troll
  9566 | D:9      | Reached XP level 10. HP: 59/59 MP: 19/21
  9937 | D:9      | Learned a level 3 spell: Ignite Poison
  9940 | D:9      | Learned a level 2 spell: Searing Ray
  9996 | D:9      | Found a hazy altar of Hepliaklqana.
 10182 | D:9      | Found Athas's Firing Range.
 10340 | D:9      | Reached *** piety under Sif Muna
 10714 | D:10     | Entered Level 10 of the Dungeon
 10847 | D:10     | You fall into a shaft and drop 3 floors!
 10848 | D:13     | Noticed a gargoyle
 10848 | D:13     | Noticed an unseen horror
 10858 | D:13     | Killed a gargoyle
 10872 | D:13     | Killed an unseen horror
 10948 | D:13     | Noticed a kobold demonologist
 10956 | D:13     | Killed a kobold demonologist
 11142 | D:13     | Noticed a centaur warrior
 11151 | D:13     | Killed a centaur warrior
 11152 | D:13     | Reached skill level 5 in Invocations
 11152 | D:13     | Reached XP level 11. HP: 52/64 MP: 9/23
 11258 | D:13     | Noticed a cyan ugly thing
 11274 | D:13     | Killed a cyan ugly thing
 11375 | D:13     | Noticed a vault guard
 11394 | D:13     | Killed a vault guard
 11397 | D:13     | Noticed a vault guard
 11448 | D:13     | Killed a vault guard
 11775 | D:13     | Noticed a centaur warrior
 11788 | D:13     | Killed a centaur warrior
 11901 | D:13     | Noticed a centaur warrior
 11977 | D:12     | Killed from afar by a gargoyle

Illustrated notes

Levels and vault maps discovered:
D:1:      dpeg_arrival_short_road, layout_rooms
D:2:      layout_basic, basic_altar
D:3:      layout_basic, mainiacjoe_overflow_catwalk, uniq_natasha
D:4:      layout_basic, mainiacjoe_overflow_brackets,
          minmay_temple_entry_water_ring, chequers_serial_rivers_large_a,
          kennysheep_generic_room_12
D:5:      layout_basic, minmay_ogre_servants
D:6:      layout_basic, marbit_many_paths, serial_park_tiny_2
D:7:      layout_basic, minitemple
D:8:      layout_rooms, lemuel_crystal_altar, minmay_lizard_king
D:9:      layout_basic, mainiacjoe_overflow_small_starburst,
          columned_hall_lemuel, nicolae_shop_firing_range
D:10:     minmay_shrinking_squares, layout_small_grid, kennysheep_mini,
          okawaru_metal_pillars_1_2, lemuel_doored_altar
D:12:     cheibrodos_lost_city_excavation, layout_loops_ring,
          nicolae_dithmenos_the_darkroom
D:13:     layout_roguey, ximxim_vaults_locker_room, serial_shops,
          nicolae_stop_n_shop_1, uniq_frances
Temple:   minmay_temple_bridge_abc

Skill      XL: |  1  2  3  4  5  6  7  8  9 10 11 |
---------------+----------------------------------+-----
Stealth        | 3 4 5 |  5.6
Spellcasting   | 3 4 6 7 8 9 |  9.0
Conjurations   | 2 3 4 5 6 7 |  7.5
Fire Magic     | 4 5 6 7 8 9 |  9.0
Short Blades   | 1 |  1.7
Fighting       | 1 2 |  2.2
Maces & Flails | 1 2 3 |  3.2
Dodging        | 3 4 |  4.3
Invocations    | 2 5 6 |  6.0
Air Magic      | 1 3 |  3.0
Poison Magic   | 2 3 |  3.0

Action                   |  1- 3 |  4- 6 |  7- 9 | 10-12 || total
-------------------------+-------+-------+-------+-------++-------
Melee: Dagger            |    10 |    28 |    15 |       ||    53
       Constrict         |     4 |     8 |    12 |     4 ||    28
       Tentacles         |     2 |     4 |    11 |     6 ||    23
       Unarmed           |     1 |       |       |       ||     1
       Mace              |       |       |    44 |    37 ||    81
 Cast: Foxfire           |    61 |   112 |   208 |    96 ||   477
       Conjure Flame     |       |     1 |    16 |     7 ||    24
       Sticky Flame      |       |       |     6 |     9 ||    15
       Fireball          |       |       |       |    20 ||    20
       Mephitic Cloud    |       |       |       |     6 ||     6
       Searing Ray       |       |       |       |     2 ||     2
       Inner Flame       |       |       |       |     1 ||     1
       Ignite Poison     |       |       |       |     1 ||     1
Invok: Channel Magic     |       |       |       |     2 ||     2
Evoke: Wand              |       |       |     1 |     1 ||     2
  Use: Scroll            |       |     4 |     7 |     2 ||    13
       Potion            |       |       |     2 |    10 ||    12
 Stab: Sleeping          |     1 |     4 |       |     3 ||     8
       Invisible         |       |       |       |     1 ||     1
       Confused          |       |       |       |     1 ||     1
Armor: Skin              |       |     2 |    11 |    42 ||    55
Dodge: Dodged            |     5 |    30 |    46 |    23 ||   104

Table legend: (Time is in decaauts)
 A = Elapsed time spent in this place.
 B = Non-inter-level travel time spent in this place.
 C = Inter-level travel time spent in this place.
 D = Time resting spent in this place.
 E = Time spent auto-exploring this place.
 F = Levels seen in this place.
 G = Mean time per level.
                   A        B        C        D        E       F      G
               +--------+--------+--------+--------+--------+-----+--------+
         Total |  11959 |  11572 |    387 |   2051 |   7014 |  13 |  919.9 |
       Dungeon |  11881 |  11514 |    367 |   2051 |   6966 |  12 |  990.1 |
        Temple |     77 |     57 |     20 |      0 |     48 |   1 |   77.0 |
               +--------+--------+--------+--------+--------+-----+--------+

Top non-repeatable levels by time:
     D:2: 1537 daAuts
     D:7: 1526 daAuts
     D:9: 1309 daAuts
     D:3: 1247 daAuts
     D:5: 1216 daAuts
     D:4: 1109 daAuts
     D:6: 1050 daAuts
    D:13: 1043 daAuts
     D:8: 825 daAuts
     D:1: 808 daAuts
    D:10: 132 daAuts
  Temple: 77 daAuts
    D:12: 73 daAuts
